 Dungeon Crawl Stone Soup version 0.23.0-2-g0fe3ce5905 (webtiles) character file.

Game seed: 2291089598752020266

108 lilly the Cudgeler (level 4, -2/41 HPs)
             Began as a Minotaur Monk on Feb 20, 2019.
             Killed by divine providence
             ... invoked by an orc priest
              (14 damage)
             ... on level 2 of the Dungeon.
             The game lasted 00:03:13 (1156 turns).

lilly the Cudgeler (Minotaur Monk)                  Turns: 1156, Time: 00:03:14

Health: -2/41      AC:  6    Str: 16    XL:     4   Next: 58%
Magic:  3/3        EV: 14    Int:  7    God:
Gold:   66         SH:  0    Dex: 13    Spells: 3/3 levels left

rFire    . . .     SeeInvis .   a - +0 mace
rCold    . . .     Gourm    .   (no shield)
rNeg     . . .     Faith    .   b - +0 robe
rPois    .         Spirit   .   (helmet restricted)
rElec    .         Reflect  .   k - scarf {cloud immunity}
rCorr    .         Harm     .   (no gloves)
MR       .....                  (no boots)
Stlth    +.........             (no amulet)
HPRegen  0.13/turn              h - ring of attention (curse)
MPRegen  0.08/turn              n - +4 ring of protection

@: no status effects
A: retaliatory headbutt, horns 2
a: no special abilities


You were on level 2 of the Dungeon.
You were hungry.

You visited 1 branch of the dungeon, and saw 2 of its levels.

You collected 66 gold pieces.

Inventory:

Hand Weapons
 a - a +0 mace (weapon)
Armour
 b - a +0 robe (worn)
 k - a scarf of cloud immunity (worn)
Jewellery
 h - a cursed ring of attention (left hand)
 n - a +4 ring of protection (right hand)
Scrolls
 d - 3 scrolls of remove curse {unknown}
 g - a scroll of noise {unknown}
 i - a scroll of enchant armour {unknown}
Potions
 f - a potion of invisibility {unknown}
 j - 2 potions of lignification {unknown}
 l - a potion of agility {unknown}
 m - a potion of resistance {unknown}
Comestibles
 c - a ration


   Skills:
 + Level 4.4 Fighting
 * Level 5.4 Maces & Flails
 + Level 3.8 Dodging
 + Level 1.8 Stealth


You had 3 spell levels left.
You didn't know any spells.
Your spell library contained the following spells:

 Spells                   Type           Power        Failure   Level  Hunger
 Animate Skeleton         Necr           N/A          43%         1    ##.....
 Apportation              Tloc           #.....       43%         1    ##.....
 Confusing Touch          Hex            #.....       43%         1    ##.....
 Summon Small Mammal      Summ           #...         43%         1    ##.....


Dungeon Overview and Level Annotations

Branches:
Dungeon (2/15)

Altars:


Innate Abilities, Weirdness & Mutations

You reflexively headbutt those who attack you in melee.
You have a pair of horns on your head.


Message History

The orc priest is moderately wounded.
The bat hits you but does no damage.
The orc priest hits you with a +0 short sword.
The bat hits you but does no damage.
You hit the bat.
You kill the bat!
The orc priest hits you with a +0 short sword.
The orc priest mumbles some strange prayers to Beogh against you.
Beogh smites you!
* * * LOW HITPOINT WARNING * * *
It was a potion of curing.
You feel better.
The orc wizard hits you but does no damage.
The orc wizard gestures wildly while chanting.
The orc wizard seems to speed up.
You thump the orc priest!
The orc priest is severely wounded.
The orc wizard barely misses you.
The orc priest invokes the aid of Beogh against you.
Beogh smites you!
You die...

##...............##
#.####.#.........#.
#.........[........
##...............# #
.##.......##.##..#####.#
.##.......#..##.........
....................#...
..#.......#..###o#......
#.#.......#..# #@oo#....
#..^.........# #o#.# ...
###......##.....).....o!
##......##.......#s....
#.....(.##.......##....
##............###.# #...
#...........#. .. ...
#...........# ## .
.†..........#


You could see 2 orc priests and 2 orc wizards.

Vanquished Creatures
  Terence (D:2)
  4 adders (D:2)
  3 dart slugs
  3 leopard geckos
  An orc (D:2)
  A ball python (D:2)
  A giant cockroach (D:2)
  8 goblins
  6 hobgoblins
  6 bats
  4 frilled lizards (D:1)
38 creatures vanquished.

Notes
Turn   | Place    | Note
-------+----------+-------------------------------------------
     0 | D:1      | lilly the Minotaur Monk began the quest for the Orb.
     0 | D:1      | Reached XP level 1. HP: 19/19 MP: 0/0
    69 | D:1      | Reached skill level 4 in Maces & Flails
    69 | D:1      | Reached XP level 2. HP: 27/27 MP: 1/1
   726 | D:2      | Noticed Terence
   731 | D:2      | Reached XP level 3. HP: 33/33 MP: 2/2
   739 | D:2      | Killed Terence
  1030 | D:2      | Reached skill level 5 in Maces & Flails
  1037 | D:2      | Reached XP level 4. HP: 40/40 MP: 3/3
  1156 | D:2      | Killed from afar by an orc priest

Skill      XL: |  1  2  3 |
---------------+----------+-----
Maces & Flails | 4 5 |  5.4
Fighting       | 4 |  4.4
Dodging        | |  3.8
Stealth        | |  1.8

Action                   |  1- 3 |  4- 6 || total
-------------------------+-------+-------++-------
Melee: Mace              |    37 |    27 ||    64
       Headbutt          |     5 |     5 ||    10
  Use: Potion            |       |     1 ||     1
 Stab: Sleeping          |     3 |       ||     3
Armor: Robe              |    11 |    11 ||    22
Dodge: Dodged            |    33 |    20 ||    53
